 Dungeon Crawl Stone Soup version 0.15.1-3-g1b33baa (webtiles) character file.

177 Kae the Sneak (level 5, -7/24 HPs)
             Began as a Spriggan Enchanter on Oct 12, 2014.
             Killed from afar by a rat skeleton (31 damage)
             ... with an exploding inner flame
             ... hexed by the player character
             ... on Level 4 of the Dungeon.
             The game lasted 00:04:15 (3997 turns).

Kae the Sneak (Spriggan Enchanter)                  Turns: 3997, Time: 00:04:15

HP  -7/24        AC  9     Str  5      XL: 5   Next: 31%
MP  16/16        EV 18     Int 17      God:
Gold 137         SH  0     Dex 16      Spells:  3 memorised,  5 levels left

rFire  . . .     SeeInvis +     s - +3 dagger (flame)
rCold  . . .     Clarity  .     b - +2 robe
rNeg   . . .     rCorr    .     (shield restricted)
rPois  .         rRot     .     (helmet restricted)
rElec  .         Spirit   .     f - +0 cloak
SustAb .         Warding  .     (gloves unavailable)
rMut   .         Stasis   .     (boots unavailable)
Gourm  .                        (no amulet)
MR     .....                    (no ring)
                                n - +4 ring of protection

@: very quick, not resistant to hostile enchantments, stealthy
A: unfitting armour, see invisible, herbivore 3, speed 3, slow metabolism 2
a: no special abilities


You were on level 4 of the Dungeon.
You were not hungry.

You visited 1 branch of the dungeon, and saw 4 of its levels.

You collected 137 gold pieces.

Inventory:

Hand weapons
 a - a +1 dagger
 s - a +3 dagger of flaming (weapon)
 t - a +0 club
Armour
 b - a +2 robe (worn)
 f - a +0 cloak (worn)
Magical devices
 y - a wand of lightning (5) {unknown}
Comestibles
 g - a slice of pizza
 u - 3 bread rations
Scrolls
 i - a scroll of enchant armour
 j - a scroll of teleportation
 l - 4 scrolls of identify
 A - a scroll of immolation
Jewellery
 n - a +4 ring of protection (left hand)
Potions
 d - a potion of restore abilities {unknown}
 k - 2 potions of heal wounds
 m - a potion of might {unknown}
 o - a potion of lignification {unknown}
 p - a potion of curing {unknown}
 w - a potion of resistance {unknown}
 x - 2 potions of confusion {unknown}
Books
 c - a book of Maledictions

   Spells                             Type                      Level
   *Corona                            Hexes                        1
   Sure Blade                         Hexes/Charms                 2
   *Ensorcelled Hibernation           Hexes/Ice                    2
   *Confuse                           Hexes                        3
   Dazzling Spray                     Conjuration/Hexes            3
   Enslavement                        Hexes                        4


   Skills:
 * Level 3.5 Short Blades
 - Level 3.0 Dodging
 * Level 6.4 Stealth
 + Level 3.5 Spellcasting
 + Level 4.4 Hexes


You had 5 spell levels left.
You knew the following spells:

 Your Spells              Type           Power        Failure   Level  Hunger
a - Corona                Hex            ###....      2%          1    None
b - Ensorcelled Hibernat  Hex/Ice        ##....       12%         2    ##.....
c - Confuse               Hex            ###.....     10%         3    ###....


Dungeon Overview and Level Annotations

Branches:
Dungeon (4/15)
 Temple: D:4-7

Altars:


Innate Abilities, Weirdness & Mutations

You are tiny and cannot use many weapons and most armour.
You have supernaturally acute eyesight.
You are a herbivore.
You cover ground extremely quickly.
You need consume almost no food.


Message History

Read which item? (? for menu, Esc to quit)
As you read the scroll labeled SMAFI THITHAZY, it crumbles to dust.
You feel blessed for a moment.
It was a scroll of remove curse.
Read which item? (? for menu, Esc to quit)
As you read the scroll labeled THRAQAU DOTAPLA, it crumbles to dust.
Forget which spell ([?*] list [ESC] exit)?
Forget which spell ([?*] list [ESC] exit)?
Okay, then.
It was a scroll of amnesia.
Read which item? (? for menu, Esc to quit)
Okay, then.
Read which item? (? for menu, Esc to quit)
As you read the scroll labeled PEEK KOETHRIUVO, it crumbles to dust.
The creatures around you are filled with an inner flame!
It was a scroll of immolation.
You hit the rat skeleton. You burn the rat skeleton.
The rat skeleton explodes!
The fiery explosion engulfs you!
Ouch! That really hurt!
You die...

#.#
#################.#
#..
.......)..........#
#.#
##########.########
..# #..# #....
..#### ..####
.."..### ..#
....##§.§###..#
......§§@.....#
#..#####§##.#.#
#......# ....#..#
##...#....
#####.#.#. ...? ..
. .


There were no monsters in sight!

Vanquished Creatures
  Natasha (thrice) (D:3)
  Ijyb (D:2)
  Jessica (D:2)
  An adder (D:2)
  2 giant mites (D:3)
  A white imp (D:3)
  2 worms (D:2)
  A giant gecko (D:3)
  An ooze (D:2)
  An orc (D:3)
  5 bats
  3 giant cockroaches
  21 goblins
  6 hobgoblins
  12 jackals
  3 quokkas (D:3)
  A giant newt (D:1)
  3 kobolds
  3 rats
71 creatures vanquished.

Notes
Turn   | Place    | Note
--------------------------------------------------------------
     0 | D:1      | Kae, the Spriggan Enchanter, began the quest for the Orb.
     0 | D:1      | Reached XP level 1. HP: 9/9 MP: 4/4
   416 | D:1      | Reached XP level 2. HP: 10/13 MP: 7/7
   524 | D:1      | Learned a level 2 spell: Ensorcelled Hibernation
  1265 | D:2      | Reached skill level 5 in Stealth
  1386 | D:2      | Reached XP level 3. HP: 14/16 MP: 7/9
  1713 | D:2      | Noticed Jessica
  1722 | D:2      | Killed Jessica
  2119 | D:2      | Reached XP level 4. HP: 19/21 MP: 10/13
  2381 | D:2      | Noticed Ijyb
  2424 | D:2      | Killed Ijyb
  2451 | D:2      | Learned a level 3 spell: Confuse
  2767 | D:3      | Noticed Natasha
  3025 | D:3      | Killed Natasha
  3025 | D:3      | Reached skill level 6 in Stealth
  3025 | D:3      | Reached XP level 5. HP: 17/24 MP: 6/16
  3293 | D:3      | Noticed Natasha
  3315 | D:3      | Killed Natasha
  3579 | D:3      | Noticed Natasha
  3589 | D:3      | Killed Natasha
  3997 | D:4      | Killed from afar by a rat skeleton

Action                   |  1- 3 |  4- 6 || total
-------------------------+-------+-------++-------
Melee: Dagger            |   106 |   131 ||   237
 Cast: Ensorcelled Hiber |    13 |    13 ||    26
  Use: Scroll            |       |    10 ||    10
       Potion            |       |     1 ||     1
 Stab: Sleeping          |     9 |    13 ||    22
       Distracted        |     1 |     1 ||     2
